 Dungeon Crawl Stone Soup version 0.20-b1-2-gc5a9893 (webtiles) character file.

555 Gorglomux the Conjurer (level 7, -2/81 HPs)
             Began as a Deep Elf Conjurer on May 21, 2017.
             Slain by a killer bee (3 damage)
             ... on level 7 of the Dungeon.
             The game lasted 00:08:54 (4088 turns).

Gorglomux the Conjurer (Deep Elf Conjurer)          Turns: 4088, Time: 00:08:55

Health: -2/81      AC: 23    Str: 10    XL:     7   Next: 8%
Magic:  4/18       EV:  2    Int: 22    God:
Gold:   217        SH:  0    Dex: 15    Spells: 3/18 levels left

rFire    . . .     SeeInvis +   e - +0 dagger
rCold    . . .     Gourm    .   (no shield)
rNeg     + + +     Faith    .   (armour currently unavailable)
rPois    +         Spirit   .   (helmet currently unavailable)
rElec    .         Reflect  .   (cloak currently unavailable)
rCorr    .         Harm     .   (gloves currently unavailable)
MR       .....     NoTele   +   (boots currently unavailable)
Stlth    ..........             p - amulet of magic regeneration
Regen    0.3/turn               g - ring of poison resistance {rPois, !d}
MPRegen  0.3/turn               E - ring of see invisible {sInv, !d}

@: berserking, lethally poisoned (-2 -> -6), tree-form, very slightly
contaminated, hasted, very quick
A: no striking features
a: no special abilities


You were on level 7 of the Dungeon.
You were not hungry.
You were a tree.
You visited 1 branch of the dungeon, and saw 5 of its levels.

You collected 217 gold pieces.

Inventory:

Hand Weapons
 e - a +0 dagger (weapon)
   (You took it off a goblin on level 1 of the Dungeon)
Armour
 a - a +0 robe (melded)
 n - a +0 pair of boots (melded)
   (You found it on level 2 of the Dungeon)
 z - a +0 pair of gloves (melded)
   (You found it on level 4 of the Dungeon)
Jewellery
 g - a ring of poison resistance (left branch) {rPois, !d}
   (You found it on level 1 of the Dungeon)
 p - an amulet of magic regeneration (around neck)
   (You found it on level 3 of the Dungeon)
 B - a +3 amulet of reflection
   (You found it on level 3 of the Dungeon)
 E - a ring of see invisible (right branch) {sInv, !d}
   (You found it on level 4 of the Dungeon)
Wands
 q - a wand of confusion (15/48)
   (You found it on level 2 of the Dungeon)
 D - a wand of enslavement (15/24)
   (You found it on level 4 of the Dungeon)
Scrolls
 f - a scroll of fog {unknown}
 k - 2 scrolls of enchant weapon {unknown}
 l - a scroll of teleportation {unknown}
 m - a scroll of recharging {unknown}
 o - a scroll of immolation {unknown}
 x - a scroll of remove curse {unknown}
 y - a scroll of enchant armour {unknown}
 H - a scroll of identify
Potions
 h - a potion of haste
 j - a potion of lignification {!q}
 s - a potion of might {unknown}
 t - a potion of ambrosia
 u - a potion of berserk rage {!q}
 A - a potion of agility {unknown}
 G - a potion of degeneration {unknown}
Books
 b - a book of Conjurations
Comestibles
 c - 3 bread rations {@e1}
 d - 2 royal jellies
 v - a meat ration {@e2}
 F - a chunk of flesh {@w0}


   Skills:
 - Level 2.4 Dodging
 - Level 2.4 Stealth
 - Level 6.3 Spellcasting
 * Level 7.9 Conjurations
 + Level 0.6 Hexes
 + Level 0.9 Translocations


You had 3 spell levels left.
You knew the following spells:

 Your Spells              Type           Power        Failure   Level  Hunger
a - Magic Dart            Conj           ####         1%          1    None
b - Searing Ray           Conj           #####.       1%          2    None
c - Fulminant Prism       Conj/Hex       ####......   14%         4    ###....
d - Force Lance           Conj/Tloc      ####....     14%         4    ###....
x - Iskenderun's Mystic   Conj           #####...     3%          4    ###....


Dungeon Overview and Level Annotations

Branches:
Dungeon (4/15)
 Temple: D:4-7

Altars:
Fedhas
Gozag
Xom

Annotations:
D:3 Onaxys's ghost, amateur OgBe


Innate Abilities, Weirdness & Mutations

((You have a pair of small antennae on your head.))
((Armour fits poorly on your strangely shaped body.))


Message History

You butcher the hound corpse.
F - 3 chunks of flesh {@w0} You start resting.
Eating one of 3 chunks of flesh {@w0}.
You eat one of the 3 chunks of flesh {@w0}.
You now have 205 gold pieces (gained 16).
G - a grey potion You now have 217 gold pieces (gained 12).
Eating one of 2 chunks of flesh {@w0}.
You eat one of the 2 chunks of flesh {@w0}.
You fall through a shaft for 3 floors!
The shaft crumbles and collapses.
H - a scroll of identify A killer bee and a necrophage come into view.
The killer bee buzzes angrily.
A killer bee comes into view.
A killer bee comes into view.
You miscast Fulminant Prism.
You are very lightly contaminated with residual magic.
Your skin tingles.
The killer bee misses you. x2
You conjure a prism of explosive energy!
The killer bee closely misses you. x2
A killer bee comes into view.
Unknown command.
You barely miss the killer bee. The killer bee closely misses you. x2
Your fulminant prism crackles loudly.
A killer bee comes into view.
You hit the killer bee but do no damage.
The killer bee stings you! The killer bee misses you.
The blast of energy engulfs the killer bee.
The blast of energy engulfs the necrophage.
The blast of energy engulfs the killer bee.
You kill the killer bee!
You have reached level 7!
You hear an angry buzzing noise.
Unknown command.
You conjure a prism of explosive energy!
The killer bee misses you. The killer bee stings you.
Unknown command.
You hit the necrophage.
The killer bee stings your fulminant prism.
The killer bee closely misses you. The necrophage hits you.
The killer bee closely misses you.
Unknown command.
You conjure a prism of explosive energy!
The killer bee closely misses you.
The killer bee stings your fulminant prism.
The necrophage barely misses you. The killer bee closely misses you.
You hit the killer bee.
The killer bee stings your fulminant prism.
The killer bee closely misses you. The necrophage closely misses you.
The killer bee stings you.
Unknown command.
Blink to where?
Are you sure you want to cancel this blink?
Blink to where?
As you read the scroll labeled DEUPHEUZICU, it crumbles to dust.
It was a scroll of blinking.
As you read the scroll labeled ECENOR CIHU, it crumbles to dust.
The dust glows dark indigo!
It was a scroll of random uselessness.
Really quaff
j - 2 potions of lignification {!q}?
You turn into a tree.
Your +0 pair of gloves melds into your body.
Your +0 pair of boots melds into your body.
Your +0 robe melds into your body.
Your roots penetrate the ground.
The killer bee stings you.
The killer bee stings you but does no damage.
Okay, then.
You feel yourself speed up.
The killer bee stings you but does no damage. x4
The killer bee stings you.
The killer bee stings you but does no damage.
It was a potion of mutation.
You feel extremely strange.
Your body twists and deforms.
A pair of antennae grows on your head!
The killer bee stings you but does no damage. x3
The killer bee barely misses you.
The killer bee stings you but does no damage.
It was a potion of flight.
Your roots keep you in place.
The killer bee stings you but does no damage.
The killer bee stings you.
* * * LOW HITPOINT WARNING * * *
The killer bee stings you but does no damage.
The killer bee stings you.
* * * LOW HITPOINT WARNING * * *
Really quaff
u - 2 potions of berserk rage {!q}?
A red film seems to cover your vision as you go berserk!
You feel yourself moving faster!
You feel mighty!
The killer bee stings you but does no damage.
The killer bee barely misses you.
The killer bee stings you but does no damage. x2
The killer bee stings you.
* * * LOW HITPOINT WARNING * * *
The killer bee stings you.
* * * LOW HITPOINT WARNING * * *
You puncture the killer bee!
The killer bee stings you but does no damage. x3
The killer bee stings you.
* * * LOW HITPOINT WARNING * * *
You are lethally poisoned!
The killer bee poisons you! The killer bee stings you.
You die...

########### #
###.........#### ..##
#..............#
....###..............
#..##..............
##.....#n.........
#..#..≈#.yy.......
#....≈≈#.y♣......#
#....≈8#.y.......#
#.#..≈≈#.........#
##.#...≈#........##
#####..#.#..###....###
.........#### ######
#.......# #.##....#
##...#...##


You could see a necrophage and 4 killer bees.

Vanquished Creatures
  An ogre (D:4)
  A bullfrog (D:4)
  A killer bee (D:7)
  A hound (D:4)
  An orc priest (D:3)
  Terence (D:3)
  5 orc wizards (D:4)
  5 adders
  An ooze (D:3)
  An adder skeleton (D:4)
  A worm (D:2)
  A dart slug (D:1)
  2 leopard geckos (D:4)
  17 orcs
  7 bats
  3 giant cockroaches
  8 goblins
  4 hobgoblins
  3 kobolds
  2 quokkas
  2 frilled lizards
  11 rats
79 creatures vanquished.

Vanquished Creatures (others)
  4 fulminant prisms
4 creatures vanquished.

Grand Total: 83 creatures vanquished

Notes
Turn   | Place    | Note
-------+----------+-------------------------------------------
     0 | D:1      | Gorglomux the Deep Elf Conjurer began the quest for the Orb.
     0 | D:1      | Reached XP level 1. HP: 10/10 MP: 6/6
   151 | D:1      | Reached XP level 2. HP: 15/15 MP: 6/8
   158 | D:1      | Learned a level 2 spell: Searing Ray
   590 | D:2      | Reached skill level 4 in Spellcasting
   776 | D:2      | Reached XP level 3. HP: 19/19 MP: 6/10
   928 | D:2      | Reached skill level 5 in Conjurations
  1013 | D:2      | Found an opulent altar of Gozag.
  1165 | D:2      | Found a faded altar of an unknown god.
  1368 | D:2      | Found a shimmering altar of Xom.
  1625 | D:3      | Found a blossoming altar of Fedhas.
  1803 | D:3      | Noticed Onaxys's ghost (amateur OgBe)
  1978 | D:3      | Noticed Terence
  1984 | D:3      | Killed Terence
  1984 | D:3      | Reached XP level 4. HP: 22/24 MP: 3/12
  2032 | D:3      | Learned a level 4 spell: Iskenderun's Mystic Blast
  2510 | D:3      | Reached skill level 6 in Conjurations
  2700 | D:3      | Reached skill level 5 in Spellcasting
  2834 | D:4      | Reached XP level 5. HP: 28/28 MP: 11/14
  3009 | D:4      | HP: 6/28 [something/puff of flame (10)]
  3317 | D:4      | Reached XP level 6. HP: 19/32 MP: 6/16
  3317 | D:4      | Reached skill level 7 in Conjurations
  3706 | D:4      | Reached skill level 6 in Spellcasting
  3747 | D:4      | Learned a level 4 spell: Fulminant Prism
  3875 | D:4      | Learned a level 4 spell: Force Lance
  4015 | D:4      | You fall through a shaft for 3 floors!
  4076 | D:7      | Reached XP level 7. HP: 28/36 MP: 9/18
  4085 | D:7      | Gained mutation: Armour fits poorly on your strangely shaped body. [potion of mutation]
  4085 | D:7      | Gained mutation: You have a pair of small antennae on your head. [potion of mutation]
  4086 | D:7      | HP: 10/54 [killer bee (5)]
  4088 | D:7      | HP: 1/81 [killer bee (6)]
  4088 | D:7      | Slain by a killer bee

Skill      XL: |  1  2  3  4  5  6 |
---------------+-------------------+-----
Spellcasting   | 4 5 6 |  6.3
Conjurations   | 5 6 7 |  7.9
Dodging        | |  2.4
Stealth        | |  2.4
Hexes          | |  0.6
Translocations | |  0.9

Action                   |  1- 3 |  4- 6 |  7- 9 || total
-------------------------+-------+-------+-------++-------
Melee: Dagger            |     1 |    26 |     3 ||    30
 Cast: Magic Dart        |    55 |    34 |       ||    89
       Searing Ray       |     7 |    14 |       ||    21
       Iskenderun's Myst |       |     4 |       ||     4
       Fulminant Prism   |       |     2 |     2 ||     4
Evoke: Wand              |       |     3 |       ||     3
  Use: Scroll            |     4 |       |     2 ||     6
       Potion            |       |       |     5 ||     5
 Stab: Sleeping          |     1 |       |       ||     1
       Confused          |       |     2 |       ||     2
  Eat: Chunk             |     3 |     8 |       ||    11
Armor: Robe              |     2 |     7 |       ||     9
       Skin              |       |       |    18 ||    18
Dodge: Dodged            |     5 |    32 |    10 ||    47

Vault maps used:
D:1:      shiori_arrival_oz
D:2:      marbit_many_paths, overflow_temple_1_default, first_bread,
          chequers_ecumenical_altar_simple
D:3:      fedhas_altar_1, uniq_terence
D:4:      gammafunk_temple_overflow_arena
D:7:      kennysheep_kobold_camp, hangedman_decor_points, grunt_ogre_cave,
          minmay_misc_feat_four_crosses, moated_statue,
          kennysheep_generic_room_3

Table legend:
 A = Turns spent in this place as a percentage of turns spent in the entire game.
 B = Non-inter-level travel turns spent in this place as a percentage of non-inter-level travel turns spent in the entire game.
 C = Inter-level travel turns spent in this place as a percentage of turns spent in this place.
 D = Turns resting spent in this place as a percentage of non-inter-level travel turns spent in this place.
 E = Turns spent auto-exploring this place as a percentage of non-inter-level travel turns spent in this place.
 F = Non-inter-level travel turns spent in this place divided by the number of levels of this place that you've seen.
                   A       B       C       D       E      F
               +-------+-------+-------+-------+-------+----------------------
         Total | 100.0 | 100.0 |   0.5 |   7.2 |  12.2 | 190.8
       Dungeon | 100.0 | 100.0 |   0.5 |   7.2 |  12.2 | 190.8
               +-------+-------+-------+-------+-------+----------------------

Table legend:
 A = Kills in this place as a percentage of kills in entire the game.
 B = Kills by you in this place as a percentage of kills by you in the entire game.
 C = Kills by friends in this place as a percentage of kills by friends in the entire game.
 D = Other kills in this place as a percentage of other kills in the entire game.
 E = Experience gained in this place as a percentage of experience gained in the entire game.
 F = Experience gained in this place divided by the number of levels of this place that you have seen.
                   A       B       C       D       E      F
               +-------+-------+-------+-------+-------+----------------------
         Total | 100.0 | 100.0 |  -nan |  -nan | 100.0 | 158.6
       Dungeon | 100.0 | 100.0 |  -nan |  -nan | 100.0 | 158.6
               +-------+-------+-------+-------+-------+----------------------
